 Dungeon Sprint DCSS version 0.22-a0-181-gb22368a (console) character file.

468765 removed the Pandemonic (level 27, 145/220 HPs)
             Began as a Gnoll Enchanter on Feb 14, 2018.
             Was a High Priest of Makhleb.
             Escaped with the Orb!
             The game lasted 01:01:21 (4851 turns).

removed the Pandemonic (Gnoll Enchanter)            Turns: 4851, Time: 01:01:22

Health: 145/220    AC: 19    Str: 17    XL:     27
Magic:  41/41      EV: 40    Int: 25    God:    Makhleb [*****.]
Gold:   1203       SH: 13    Dex: 26    Spells: 7/64 levels left

rFire    + + +     SeeInvis +   b - +8 quick blade (protect)
rCold    + . .     Gourm    .   B - +3 buckler of Trog {MR+ Regen+ SInv Stlth-}
rNeg     + . .     Faith    .   T - +2 robe {rC+ rF+}
rPois    .         Spirit   .   (no helmet)
rElec    +         Reflect  .   E - +4 dragonskin cloak
rCorr    .         Harm     .   F - +0 pair of gloves of the Equinox {Str+2}
MR       +++..     NoTele   +   P - +2 pair of boots of the Hart {Dex+5}
Stlth    +++.......             N - amulet of Oenomania {Acrobat Slay+3}
HPRegen  0.86/turn              I - ring of Geic {+Fly rElec EV+3 Dex-3 Stlth+}
MPRegen  0.27/turn              M - ring "Iliopte" {rF+ AC+3 Str+4}

@: agile, deflect missiles
A: distributed training, fangs 1, hooves 1, deformed body, dopey 1, low mp 1,
mutation resistance 1, sturdy frame 1, strong nose
0: Orb of Zot
}: 5/15 runes: decaying, slimy, elven, silver, gossamer
a: Minor Destruction, Lesser Servant of Makhleb, Major Destruction, Greater
Servant of Makhleb, Renounce Religion, Evoke Flight


You escaped.
You worshipped Makhleb.
Makhleb was extremely pleased with you.
You were not hungry.

You visited 1 branch You collected 17920 gold pieces.
You spent 16717 gold pieces at shops.

Inventory:

Hand Weapons
 a - a +9 dagger of electrocution
 b - a +8 quick blade of protection (weapon)
 p - a +1 dagger
Armour
 B - the +3 buckler of Trog (worn) {MR+ Regen+ SInv Stlth-}
   (You bought it in a shop in the Dungeon)

   It affects your resistance to hostile enchantments.
   It lets you see invisible.
   It increases your rate of regeneration.
   It makes you less stealthy.
 E - the +4 dragonskin cloak (worn)
   (You took it off Tiamat in the Dungeon)
 F - the +0 pair of gloves of the Equinox (worn) {Str+2}
   (You bought it in a shop in the Dungeon)

   It affects your strength (+2).
 G - the +0 helmet of Refuge {rC- Str+9 Int-4 SInv}
   (You bought it in a shop in the Dungeon)

   It affects your strength (+9).
   It affects your intelligence (-4).
   It makes you vulnerable to cold.
   It lets you see invisible.
 H - the +0 pair of boots of Absolutism {rN+ Int+7}
   (You bought it in a shop in the Dungeon)

   It affects your intelligence (+7).
   It protects you from negative energy.
 P - the +2 pair of boots of the Hart (worn) {Dex+5}
   (You bought it in a shop in the Dungeon)

   It affects your dexterity (+5).
 T - a +2 robe of resistance (worn)
 U - the +1 cloak of Tempters {Regen+ Dex+4}
   (You bought it in a shop in the Dungeon)

   It affects your dexterity (+4).
   It increases your rate of regeneration.
Jewellery
 t - the amulet of Huuluym {+Rage rC++}
   (You bought it in a shop in the Dungeon)

   [amulet of rage]

   It greatly protects you from cold.
   It lets you go berserk.
 I - the ring of Geic (left hand) {+Fly rElec EV+3 Dex-3 Stlth+}
   (You bought it in a shop in the Dungeon)

   [ring of evasion]

   It affects your evasion (+3).
   It affects your dexterity (-3).
   It insulates you from electricity.
   It lets you fly.
   It makes you more stealthy.
 J - the ring "Agihod" {rPois rF+}
   (You bought it in a shop in the Dungeon)

   [ring of protection from fire]

   It protects you from fire.
   It protects you from poison.
 M - the ring "Iliopte" (right hand) {rF+ AC+3 Str+4}
   (You bought it in a shop in the Dungeon)

   [ring of protection]

   It affects your AC (+3).
   It affects your strength (+4).
   It protects you from fire.
 N - the amulet of Oenomania (around neck) {Acrobat Slay+3}
   (You bought it in a shop in the Dungeon)

   [amulet of the acrobat]

   It helps you evade while moving and waiting.
   It affects your accuracy and damage with ranged weapons and melee attacks
   (+3).
 X - the ring "Gorcheud" {Fire MR++}
   (You bought it in a shop in the Dungeon)

   [ring of fire]

   It enhances your fire magic.
   It protects you from fire.
   It makes you vulnerable to cold.
   It affects your resistance to hostile enchantments.
Scrolls
 j - 5 scrolls of blinking
 n - a scroll of fog
 y - 10 scrolls of remove curse
 S - 4 scrolls of amnesia
Potions
 e - 13 potions of curing
 g - 9 potions of haste
 h - 8 potions of magic
 i - a potion of berserk rage
 k - 6 potions of resistance
 K - 6 potions of brilliance
 L - 4 potions of agility
 O - 9 potions of might
 W - 5 potions of mutation
 Z - 7 potions of heal wounds
Miscellaneous
 Q - a quad damage
 R - a sack of spiders
 V - a phial of floods
Comestibles
 Y - 5 rations


   Skills:
 + Level 18.8 Fighting
 + Level 19.0 Short Blades
 + Level 18.8 Long Blades
 + Level 18.8 Axes
 + Level 18.8 Maces & Flails
 + Level 18.8 Polearms
 + Level 18.8 Staves
 + Level 18.8 Slings
 + Level 18.8 Bows
 + Level 18.8 Crossbows
 + Level 18.8 Throwing
 + Level 18.8 Armour
 + Level 19.2 Dodging
 + Level 19.4 Stealth
 + Level 18.8 Shields
 + Level 18.8 Unarmed Combat
 + Level 19.3 Spellcasting
 + Level 16.2 Conjurations
 + Level 16.9 Hexes
 + Level 16.2 Charms
 + Level 16.2 Summonings
 + Level 16.2 Necromancy
 + Level 16.2 Translocations
 + Level 16.2 Transmutations
 + Level 16.2 Fire Magic
 + Level 16.2 Ice Magic
 + Level 16.2 Air Magic
 + Level 16.2 Earth Magic
 + Level 16.2 Poison Magic
 + Level 20.2 Invocations
 + Level 18.8 Evocations


You had 7 spell levels left.
You knew the following spells:

 Your Spells              Type           Power        Failure   Level  Hunger
a - Agony                 Necr           #######.     1%          5    None
b - Ensorcelled Hibernat  Hex/Ice        ######       0%          2    None
c - Confuse               Hex            #######.     0%          3    None
d - Tukima's Dance        Hex            #######.     0%          3    None
e - Dazzling Spray        Conj/Hex       ######       0%          3    None
f - Cause Fear            Hex            #######...   1%          4    None
g - Yara's Violent Unrav  Hex/Tmut       #######...   1%          5    None
h - Silence               Hex/Air        #######...   1%          5    None
i - Invisibility          Hex            #######.     1%          6    ###....
j - Discord               Hex            #######...   12%         8    ######.
l - Blink                 Tloc           N/A          0%          2    None
r - Deflect Missiles      Chrm/Air       #######...   1%          6    ###....
u - Dispel Undead         Necr           #######.     1%          5    None


Dungeon Overview and Level Annotations

Branches:
Dungeon (1/1)

Altars:
Cheibriados
Dithmenos
Fedhas
Gozag
Kikubaaqudgha
Makhleb
Okawaru
Qazlal
Ru
Sif Muna
Trog
Uskayaw
Vehumet
Wu Jian
Xom
Yredelemnul
Zin
The Shining One
Beogh
Jiyva
Lugonu

Shops:
D [%??*?*:[((!!!


Innate Abilities, Weirdness & Mutations

Your experience applies equally to all skills.
You have very sharp teeth.
Your uncanny sense of smell can sniff out nearby items.
You have large cloven feet.
Armour fits poorly on your strangely shaped body.
You are dopey. (Int -2)
Your magical capacity is low. (-10% MP)
You are somewhat resistant to further mutation.
Your movements are slightly less encumbered by armour. (ER -2)


Message History

Your resistance to elements expires.
E - the +4 dragonskin cloak
Things that are here:
a demon trident of pain; the draconian corpse of Tiamat Wear which item? (? for menu, Esc to quit)
You start removing your armour.
You continue taking off the +1 cloak of Tempters {Regen+ Dex+4}. x4
You finish taking off the +1 cloak of Tempters {Regen+ Dex+4}.
You start putting on your armour.
You continue putting on the +4 dragonskin cloak. x5
You finish putting on the +4 dragonskin cloak.
You feel oddly protected from the elements.
You see here a short sword of venom.
There is a staircase leading out of the dungeon, spattered with blood here.
You see here the Orb of Zot.
You pick up the Orb of Zot!
The Orb lets out a hideous shriek!
The lords of Pandemonium are not amused.
Beware!
Now all you have to do is get back out of the dungeon!
Unknown command.
You have escaped!

#_((..(...# ###...[(.)..###
#((..([))....⌠#
######.8.........8.######
##∩.__.(.....##...[..___∩##
###=...)[...8...#.8........∩###
##.......)[...[.#.[......[...[.##
#⌠......(.)[..[[.[...[.....X...⌠#
#⌠........).##.[@.#....))).y...⌠#
#⌠....).)....##....#§)..X...X..⌠#
##.........)...##.......8......##
###∩.)[....(8.###.8..).....∩###
##∩___.[.).(.##..)...___∩##
######.8...[.....8.######
#⌠...[.....(.[# ###)........###
#_......).#


There were no monsters in sight!

Vanquished Creatures
  A vault guard (D)
  Tiamat (D)
  An orb of fire (D)
  2 ancient liches (D)
  A deep elf elementalist (D)
  Geryon (D)
  A great orb of eyes (D)
  Arachne (D)
  A Killer Klown (D)
  An electric golem (D)
  Nellie (D)
  A tentacled monstrosity (D)
  4 Orb Guardians (D)
  A titan (D)
  3 acid blobs (D)
  4 storm dragons (D)
  A balrug (D)
  7 reapers (D)
  Nessos (D)
  An eidolon (D)
  A centaur warrior (D)
  3 spriggan air magi (D)
  5 hell knights (D)
  4 sun demons (D)
  4 soul eaters (D)
  2 fire crabs (shapeshifter) (D)
  A swamp dragon (shapeshifter) (D)
  2 phantasmal warriors (D)
  9 necromancers (D)
  A shining eye (D)
  9 orb spiders (D)
  5 moths of wrath (D)
  A black mamba (shapeshifter) (D)
  A rust devil (D)
  A black mamba (D)
  A yaktaur (shapeshifter) (D)
  A jumping spider (shapeshifter) (D)
  A red devil (D)
  A bog body (D)
  7 queen bees (D)
  3 slime creatures (D)
  A wind drake (D)
  9 polar bears (D)
  3 air elementals (D)
  A human (shapeshifter) (D)
  A wraith (D)
  13 vampire mosquitoes (D)
  An insubstantial wisp (D)
  11 centaurs (D)
  2 gnoll sergeants (D)
  3 killer bees (D)
  2 hounds (D)
  Jessica (D)
  2 worker ants (D)
  2 gnolls (D)
  An ooze (D)
  A worm (D)
  7 kobolds (D)
159 creatures vanquished.

Vanquished Creatures (collateral kills)
  the Lernaean hydra (D)
  Margery (D)
  2 Orb Guardians (D)
  2 storm dragons (D)
  2 reapers (D)
  A lorocyproca (D)
  4 eidola (D)
  A spriggan air mage (D)
  A soul eater (D)
  2 sun demons (D)
  A necromancer (D)
  3 orb spiders (D)
  An ice devil (D)
  A wind drake (D)
  2 slime creatures (D)
  A wraith (D)
  An eye of draining (D)
27 creatures vanquished.

Vanquished Creatures (others)
  A storm dragon (D)
  A spriggan (D)
  A hornet (D)
  3 ball lightnings (D)
6 creatures vanquished.

Grand Total: 192 creatures vanquished

Notes
Turn   | Place    | Note
-------+----------+-------------------------------------------
     0 | D        | removed the Gnoll Enchanter began the quest for the Orb.
     0 | D        | Reached XP level 1. HP: 13/13 MP: 6/6
     0 | D        | Found a bloodstained altar of Trog.
     4 | D        | Found a radiant altar of Vehumet.
     4 | D        | Found a glowing golden altar of the Shining One.
     5 | D        | Found a burning altar of Makhleb.
     5 | D        | Found a deep blue altar of Sif Muna.
     5 | D        | Round 1.
     6 | D        | Found Bieck's Distillery.
     6 | D        | Found an ornate altar of the Wu Jian Council.
     6 | D        | Found a corrupted altar of Lugonu.
     6 | D        | Found Gealuff's Do-It-Yourself Clinic.
     7 | D        | Found Waer's Distillery.
     7 | D        | Found Qutuuna's Bottled Wisdom.
    13 | D        | Became a worshipper of Makhleb the Destroyer
    18 | D        | Found a viscous altar of Jiyva.
    18 | D        | Found Laatih's Staff Store.
    19 | D        | Found Falliep's Must-Have Magic.
    19 | D        | Found Qalu's Magic Scroll Shop.
    20 | D        | Found a sacrificial altar of Ru.
    20 | D        | Found a glowing silver altar of Zin.
    20 | D        | Found an iron altar of Okawaru.
    20 | D        | Found Istunic's Magic Scroll Shop.
    21 | D        | Noticed a worker ant
    23 | D        | Killed a worker ant
    23 | D        | Reached skill level 1 in Fighting
    23 | D        | Reached skill level 1 in Long Blades
    23 | D        | Reached skill level 1 in Axes
    23 | D        | Reached skill level 1 in Maces & Flails
    23 | D        | Reached skill level 1 in Polearms
    23 | D        | Reached skill level 1 in Staves
    23 | D        | Reached skill level 1 in Slings
    23 | D        | Reached skill level 1 in Bows
    23 | D        | Reached skill level 1 in Crossbows
    23 | D        | Reached skill level 1 in Throwing
    23 | D        | Reached skill level 1 in Armour
    23 | D        | Reached skill level 1 in Shields
    23 | D        | Reached skill level 1 in Unarmed Combat
    23 | D        | Reached skill level 5 in Spellcasting
    23 | D        | Reached skill level 1 in Conjurations
    23 | D        | Reached skill level 1 in Charms
    23 | D        | Reached skill level 1 in Summonings
    23 | D        | Reached skill level 1 in Necromancy
    23 | D        | Reached skill level 1 in Translocations
    23 | D        | Reached skill level 1 in Transmutations
    23 | D        | Reached skill level 1 in Fire Magic
    23 | D        | Reached skill level 1 in Ice Magic
    23 | D        | Reached skill level 1 in Air Magic
    23 | D        | Reached skill level 1 in Earth Magic
    23 | D        | Reached skill level 1 in Poison Magic
    23 | D        | Reached skill level 1 in Invocations
    23 | D        | Reached skill level 1 in Evocations
    23 | D        | Reached XP level 2. HP: 21/21 MP: 8/8
    29 | D        | Learned a level 2 spell: Ensorcelled Hibernation
    31 | D        | Found a shadowy altar of Dithmenos.
    32 | D        | Found a roughly hewn altar of Beogh.
    34 | D        | Found Wozoguge's Delicious Food.
    35 | D        | Found Liufuec's Jewellery.
    35 | D        | Found Voitoi's Advanced Armour.
    35 | D        | Found a shimmering altar of Xom.
    35 | D        | Found a basalt altar of Yredelemnul.
    35 | D        | Found a snail-covered altar of Cheibriados.
    35 | D        | Found Vaenizepp's Identification Station.
    39 | D        | Found a blossoming altar of Fedhas.
    40 | D        | Found a stormy altar of Qazlal.
    41 | D        | Found an ancient bone altar of Kikubaaqudgha.
    42 | D        | Found a hide-covered altar of Uskayaw.
    42 | D        | Found an opulent altar of Gozag.
    42 | D        | Found Tisk's Premium Goods.
    42 | D        | Found Zinti's Weapon Rack.
    43 | D        | Found Ozuff's Miscellaneous Merchandise.
    43 | D        | Found Wyshes's Basic Armour.
    53 | D        | Noticed Jessica
    55 | D        | Killed Jessica
    55 | D        | Reached skill level 5 in Dodging
    55 | D        | Reached skill level 2 in Invocations
    55 | D        | Reached XP level 3. HP: 27/27 MP: 2/9
    57 | D        | Reached * piety under Makhleb
    67 | D        | Learned a level 3 spell: Confuse
    71 | D        | Learned a level 3 spell: Tukima's Dance
    75 | D        | Learned a level 3 spell: Dazzling Spray
   102 | D        | Reached XP level 4. HP: 34/34 MP: 4/11
   120 | D        | Reached ** piety under Makhleb
   120 | D        | Arena points: 14 (+14) [x2]
   120 | D        | Reached skill level 3 in Invocations
   175 | D        | Round 2.
   191 | D        | Reached XP level 5. HP: 34/41 MP: 8/13
   215 | D        | Reached skill level 4 in Invocations
   239 | D        | Reached *** piety under Makhleb
   284 | D        | Arena points: 56 (+42) [x3]
   284 | D        | Reached skill level 5 in Short Blades
   284 | D        | Reached XP level 6. HP: 34/48 MP: 2/15
   307 | D        | Round 3.
   307 | D        | Noticed an insubstantial wisp
   308 | D        | Noticed a tyrant leech
   308 | D        | Noticed a seven-headed hydra
   309 | D        | Noticed a tyrant leech
   330 | D        | Killed an insubstantial wisp
   330 | D        | Reached skill level 5 in Invocations
   365 | D        | Arena points: 80 (+24) [x4]
   380 | D        | Round 4.
   384 | D        | Reached **** piety under Makhleb
   484 | D        | Reached ***** piety under Makhleb
   484 | D        | Arena points: 220 (+140) [x5]
   536 | D        | Bought 8 scrolls of enchant weapon for 600 gold pieces
   537 | D        | Round 5.
   547 | D        | Noticed the 27-headed Lernaean hydra
   551 | D        | Killed the 27-headed Lernaean hydra
   551 | D        | Arena points: 500 (+280) [x7]
   551 | D        | Reached skill level 8 in Invocations
   551 | D        | Reached XP level 7. HP: 49/60 MP: 16/19
   551 | D        | Reached XP level 8. HP: 55/67 MP: 17/21
   551 | D        | Reached XP level 9. HP: 59/72 MP: 17/22
   555 | D        | Reached XP level 10. HP: 66/80 MP: 17/23
   556 | D        | Got a decaying rune of Zot
   720 | D        | Round 6.
   721 | D        | Noticed a ghoul
   732 | D        | Noticed a ghoul
   752 | D        | Reached skill level 10 in Stealth
   774 | D        | Arena points: 596 (+96) [x8]
   789 | D        | Bought a book of Enchantments for 350 gold pieces
   789 | D        | Round 7.
   789 | D        | Noticed a fire crab
   789 | D        | a shapeshifter changed into a fire crab
   792 | D        | Noticed a fire crab
   794 | D        | Learned a level 4 spell: Cause Fear
   795 | D        | Noticed a black mamba
   800 | D        | Killed a black mamba
   806 | D        | Killed a fire crab
   806 | D        | Reached skill level 9 in Invocations
   825 | D        | Killed a fire crab
   825 | D        | Reached skill level 10 in Spellcasting
   833 | D        | Learned a level 5 spell: Yara's Violent Unravelling
   910 | D        | Reached skill level 10 in Dodging
   933 | D        | Noticed a guardian serpent
   946 | D        | Noticed a swamp dragon
   946 | D        | a guardian serpent changed into a swamp dragon
   952 | D        | Killed a swamp dragon
   952 | D        | Arena points: 1100 (+504) [x9]
   952 | D        | Reached XP level 11. HP: 89/89 MP: 17/25
   960 | D        | Bought a bound steel amulet for 45 gold pieces
   960 | D        | Bought a vibrating wooden ring for 45 gold pieces
   960 | D        | Bought a clouded steel ring for 45 gold pieces
   960 | D        | Identified the amulet of Huuluym {+Rage rC++} (You bought it in a shop in the Dungeon)
   961 | D        | Identified the ring "Zuetaeba" {rN+ MP+9} (You bought it in a shop in the Dungeon)
   962 | D        | Identified the ring of Hexaoh {rCorr Str-2 Int+8} (You bought it in a shop in the Dungeon)
   969 | D        | Learned a level 5 spell: Silence
   993 | D        | Round 8.
   994 | D        | Noticed a shock serpent
   995 | D        | Noticed a naga ritualist
  1015 | D        | Reached skill level 10 in Invocations
  1053 | D        | Arena points: 1260 (+160) [x10]
  1068 | D        | Round 9.
  1104 | D        | Reached ****** piety under Makhleb
  1117 | D        | Bought a book of Burglary for 525 gold pieces
  1185 | D        | Reached skill level 10 in Short Blades
  1234 | D        | Arena points: 2250 (+990) [x11]
  1247 | D        | Bought 15 scrolls of remove curse for 450 gold pieces
  1289 | D        | Round 10.
  1313 | D        | Noticed Arachne
  1340 | D        | Killed Arachne
  1340 | D        | Arena points: 3550 (+1300) [x13]
  1340 | D        | Reached skill level 10 in Fighting
  1340 | D        | Reached skill level 10 in Long Blades
  1340 | D        | Reached skill level 10 in Axes
  1340 | D        | Reached skill level 10 in Maces & Flails
  1340 | D        | Reached skill level 10 in Polearms
  1340 | D        | Reached skill level 10 in Staves
  1340 | D        | Reached skill level 10 in Slings
  1340 | D        | Reached skill level 10 in Bows
  1340 | D        | Reached skill level 10 in Crossbows
  1340 | D        | Reached skill level 10 in Throwing
  1340 | D        | Reached skill level 10 in Armour
  1340 | D        | Reached skill level 10 in Shields
  1340 | D        | Reached skill level 10 in Unarmed Combat
  1340 | D        | Reached skill level 10 in Hexes
  1340 | D        | Reached skill level 11 in Invocations
  1340 | D        | Reached skill level 10 in Evocations
  1344 | D        | Got a gossamer rune of Zot
  1345 | D        | Reached XP level 12. HP: 98/98 MP: 24/27
  1353 | D        | Learned a level 6 spell: Invisibility
  1365 | D        | Bought a dazzling buckler for 332 gold pieces
  1370 | D        | Identified the +3 buckler of Trog {MR+ Regen+ SInv Stlth-} (You bought it in a shop in the Dungeon)
  1370 | D        | Bought a heavily runed leather armour for 245 gold pieces
  1380 | D        | Identified the cursed +1 leather armour of Discretion {Str+4} (You bought it in a shop in the Dungeon)
  1380 | D        | Bought an ancient robe for 199 gold pieces
  1391 | D        | Identified the +2 robe of Compression {rPois rC+} (You bought it in a shop in the Dungeon)
  1524 | D        | Round 11.
  1529 | D        | Noticed an eidolon
  1541 | D        | Killed an eidolon
  1577 | D        | Noticed an eidolon
  1583 | D        | Killed an eidolon
  1609 | D        | Noticed an eidolon
  1618 | D        | Killed an eidolon
  1618 | D        | Reached XP level 13. HP: 105/105 MP: 28/28
  1621 | D        | Noticed an eidolon
  1633 | D        | Killed an eidolon
  1682 | D        | Noticed an eidolon
  1689 | D        | Killed an eidolon
  1689 | D        | Arena points: 5090 (+1540) [x14]
  1708 | D        | Bought 2 rations for 40 gold pieces
  1715 | D        | Bought a pair of bloodstained gloves for 332 gold pieces
  1717 | D        | Round 12.
  1720 | D        | Identified the cursed +0 pair of gloves of the Equinox {Str+2} (You bought it in a shop in the Dungeon)
  1769 | D        | Reached skill level 12 in Invocations
  1894 | D        | Arena points: 7070 (+1980) [x15]
  1912 | D        | Bought an ichor-stained helmet for 332 gold pieces
  1917 | D        | Identified the cursed +0 helmet of Refuge {rC- Str+9 Int-4 SInv} (You bought it in a shop in the Dungeon)
  1917 | D        | Bought a heavily runed hat for 315 gold pieces
  1923 | D        | Round 13.
  1928 | D        | Identified the -2 hat of Uskayaw's Regard {MR+ Dex+3} (You bought it in a shop in the Dungeon)
  1963 | D        | Noticed an acid blob
  1969 | D        | Killed an acid blob
  2017 | D        | Noticed an acid blob
  2022 | D        | Noticed an acid blob
  2023 | D        | Killed an acid blob
  2023 | D        | Reached skill level 10 in Conjurations
  2023 | D        | Reached skill level 10 in Charms
  2023 | D        | Reached skill level 10 in Summonings
  2023 | D        | Reached skill level 10 in Necromancy
  2023 | D        | Reached skill level 10 in Translocations
  2023 | D        | Reached skill level 10 in Transmutations
  2023 | D        | Reached skill level 10 in Fire Magic
  2023 | D        | Reached skill level 10 in Ice Magic
  2023 | D        | Reached skill level 10 in Air Magic
  2023 | D        | Reached skill level 10 in Earth Magic
  2023 | D        | Reached skill level 10 in Poison Magic
  2028 | D        | Killed an acid blob
  2041 | D        | Arena points: 9150 (+2080) [x16]
  2060 | D        | Bought a pair of heavily runed boots for 332 gold pieces
  2065 | D        | Identified the +0 pair of boots of Absolutism {rN+ Int+7} (You bought it in a shop in the Dungeon)
  2071 | D        | Bought a coiled granite ring for 45 gold pieces
  2071 | D        | Bought a translucent turquoise ring for 45 gold pieces
  2072 | D        | Identified the ring of Geic {+Fly rElec EV+3 Dex-3 Stlth+} (You bought it in a shop in the Dungeon)
  2074 | D        | Identified the ring "Agihod" {rPois rF+} (You bought it in a shop in the Dungeon)
  2075 | D        | Bought a transparent copper ring for 45 gold pieces
  2075 | D        | Bought a wavering iron ring for 45 gold pieces
  2075 | D        | Bought a glittering platinum ring for 45 gold pieces
  2076 | D        | Identified the ring of Lucidity {*Drain rC+ Int+4 SInv} (You bought it in a shop in the Dungeon)
  2078 | D        | Identified the ring "Roheupykk" {MR+ Int+3} (You bought it in a shop in the Dungeon)
  2080 | D        | Identified the ring "Iliopte" {rF+ AC+3 Str+4} (You bought it in a shop in the Dungeon)
  2081 | D        | Bought a smoking steel amulet for 45 gold pieces
  2081 | D        | Bought a crude graven amulet for 45 gold pieces
  2081 | D        | Bought a vibrating jade amulet for 45 gold pieces
  2082 | D        | Identified the amulet of Oenomania {Acrobat Slay+3} (You bought it in a shop in the Dungeon)
  2084 | D        | Identified the amulet of Tetaab {Faith Stlth+} (You bought it in a shop in the Dungeon)
  2086 | D        | Identified the amulet "Illuxtux" {Gourm rN++} (You bought it in a shop in the Dungeon)
  2121 | D        | Round 14.
  2190 | D        | Noticed Nessos
  2206 | D        | Killed Nessos
  2209 | D        | Reached skill level 13 in Invocations
  2246 | D        | Arena points: 12482 (+3332) [x17]
  2266 | D        | Bought a book of Death for 490 gold pieces
  2272 | D        | Bought 5 scrolls of amnesia for 175 gold pieces
  2279 | D        | Learned a level 5 spell: Dispel Undead
  2282 | D        | Round 15.
  2286 | D        | Noticed a deep elf elementalist
  2322 | D        | Killed a deep elf elementalist
  2322 | D        | Arena points: 15617 (+3135) [x19]
  2326 | D        | Reached XP level 14. HP: 100/116 MP: 27/31
  2330 | D        | Got an elven rune of Zot
  2336 | D        | Bought a potion of experience for 300 gold pieces
  2336 | D        | Reached XP level 15. HP: 112/122 MP: 29/32
  2338 | D        | Bought 4 potions of curing for 84 gold pieces
  2338 | D        | Bought 4 potions of curing for 84 gold pieces
  2338 | D        | Bought 3 potions of heal wounds for 105 gold pieces
  2385 | D        | Bought a flickering steel ring for 45 gold pieces
  2385 | D        | Bought a fine golden ring for 45 gold pieces
  2385 | D        | Bought a shimmering marble ring for 45 gold pieces
  2385 | D        | Bought a scorched silver ring for 45 gold pieces
  2385 | D        | Bought a clouded iron ring for 45 gold pieces
  2385 | D        | Bought a warped iron amulet for 45 gold pieces
  2386 | D        | Identified the ring "Qaxtan" {rN+ MR+++ Str+4 Int-5 Slay+1} (You bought it in a shop in the Dungeon)
  2388 | D        | Identified the cursed ring of Femov {-Tele MR+ Int+2 Dex-5 Stlth+} (You bought it in a shop in the Dungeon)
  2391 | D        | Identified the ring "Kiduugesu" {Fire Dex+4} (You bought it in a shop in the Dungeon)
  2393 | D        | Identified the ring "Gorcheud" {Fire MR++} (You bought it in a shop in the Dungeon)
  2395 | D        | Identified the ring of Neucej {Wiz rF+ rN+ Int+2 Slay-5} (You bought it in a shop in the Dungeon)
  2397 | D        | Identified the amulet "Ewaenal" {+Rage Dex+4} (You bought it in a shop in the Dungeon)
  2544 | D        | Round 16.
  2670 | D        | Noticed Margery
  2678 | D        | Killed Margery
  2678 | D        | Reached skill level 14 in Invocations
  2678 | D        | Reached XP level 16. HP: 68/130 MP: 27/33
  2719 | D        | Arena points: 19137 (+3520) [x20]
  2730 | D        | Bought a potion of experience for 300 gold pieces
  2730 | D        | Reached XP level 17. HP: 137/137 MP: 28/34
  2748 | D        | Round 17.
  2800 | D        | Gained mutation: Scrolls take you a little longer to read. [a shining eye]
  2800 | D        | Gained mutation: You are frail. (-10% HP) [a shining eye]
  2801 | D        | Gained mutation: You tend to lose your temper in combat. [a shining eye]
  2802 | D        | Gained mutation: Your body sometimes deteriorates upon taking damage. [a shining eye]
  2804 | D        | Gained mutation: You are very frail. (-20% HP) [a shining eye]
  2806 | D        | Arena points: 19851 (+714) [x21]
  2821 | D        | Round 18.
  2874 | D        | Bought 2 potions of mutation for 112 gold pieces
  2874 | D        | Bought 2 potions of mutation for 112 gold pieces
  2874 | D        | Lost mutation: You tend to lose your temper in combat. [potion of mutation]
  2874 | D        | Lost mutation: You are very frail. (-20% HP) [potion of mutation]
  2874 | D        | Lost mutation: Your body sometimes deteriorates upon taking damage. [potion of mutation]
  2874 | D        | Gained mutation: Your movements are slightly less encumbered by armour. (ER -2) [potion of mutation]
  2875 | D        | Lost mutation: You are frail. (-10% HP) [potion of mutation]
  2875 | D        | Lost mutation: Scrolls take you a little longer to read. [potion of mutation]
  2875 | D        | Gained mutation: You are somewhat resistant to further mutation. [potion of mutation]
  2875 | D        | Gained mutation: You have large cloven feet. [potion of mutation]
  2977 | D        | Arena points: 24999 (+5148) [x22]
  3010 | D        | Bought a pair of jewelled gloves for 332 gold pieces
  3020 | D        | Identified the +0 pair of gloves of Giroudass {rPois rF- rN++ MP+9} (You bought it in a shop in the Dungeon)
  3027 | D        | Round 19.
  3095 | D        | Arena points: 25436 (+437) [x23]
  3109 | D        | Round 20.
  3111 | D        | Noticed a vault guard captain
  3158 | D        | Killed a vault guard captain
  3158 | D        | Arena points: 31436 (+6000) [x25]
  3158 | D        | Reached skill level 15 in Dodging
  3158 | D        | Reached skill level 15 in Stealth
  3158 | D        | Reached skill level 15 in Spellcasting
  3158 | D        | Reached skill level 15 in Invocations
  3162 | D        | Got a silver rune of Zot
  3163 | D        | Reached XP level 18. HP: 121/147 MP: 31/37
  3178 | D        | Bought an encrusted cloak for 332 gold pieces
  3178 | D        | Bought a jewelled cloak for 332 gold pieces
  3188 | D        | Identified the +1 cloak of Tempters {Regen+ Dex+4} (You bought it in a shop in the Dungeon)
  3198 | D        | Identified the +2 cloak of Restlessness {Stlth+} (You bought it in a shop in the Dungeon)
  3225 | D        | Learned a level 6 spell: Deflect Missiles
  3226 | D        | Bought a thick robe for 199 gold pieces
  3226 | D        | Bought a pair of transparent boots for 332 gold pieces
  3226 | D        | Bought a brightly glowing buckler for 332 gold pieces
  3226 | D        | Bought a scorched shield for 332 gold pieces
  3236 | D        | Identified the +3 buckler "Asaytik" {rCorr} (You bought it in a shop in the Dungeon)
  3246 | D        | Identified the +2 shield "Aggiah" {rC++ rN+ Str-5 Dex+4} (You bought it in a shop in the Dungeon)
  3266 | D        | Identified the +2 pair of boots of the Hart {Dex+5} (You bought it in a shop in the Dungeon)
  3276 | D        | Identified the +2 robe of the Tortoise {Int+2} (You bought it in a shop in the Dungeon)
  3298 | D        | Bought a scorched animal skin for 185 gold pieces
  3308 | D        | Identified the cursed +1 animal skin of Valiance {-Tele Dex+6 SInv Stlth+} (You bought it in a shop in the Dungeon)
  3320 | D        | Bought a jewelled large shield for 332 gold pieces
  3330 | D        | Identified the cursed +0 large shield "Oharot" {rPois rC+ Str+4} (You bought it in a shop in the Dungeon)
  3355 | D        | Bought 2 rations for 40 gold pieces
  3356 | D        | Round 21.
  3405 | D        | Learned a level 5 spell: Agony
  3427 | D        | Noticed Geryon
  3465 | D        | Killed Geryon
  3465 | D        | Reached skill level 15 in Short Blades
  3465 | D        | Reached skill level 16 in Invocations
  3474 | D        | Reached skill level 15 in Fighting
  3474 | D        | Reached skill level 15 in Long Blades
  3474 | D        | Reached skill level 15 in Axes
  3474 | D        | Reached skill level 15 in Maces & Flails
  3474 | D        | Reached skill level 15 in Polearms
  3474 | D        | Reached skill level 15 in Staves
  3474 | D        | Reached skill level 15 in Slings
  3474 | D        | Reached skill level 15 in Bows
  3474 | D        | Reached skill level 15 in Crossbows
  3474 | D        | Reached skill level 15 in Throwing
  3474 | D        | Reached skill level 15 in Armour
  3474 | D        | Reached skill level 15 in Shields
  3474 | D        | Reached skill level 15 in Unarmed Combat
  3474 | D        | Reached skill level 15 in Evocations
  3519 | D        | Arena points: 41810 (+10374) [x26]
  3533 | D        | Bought 3 potions of heal wounds for 105 gold pieces
  3533 | D        | Bought 3 potions of heal wounds for 105 gold pieces
  3533 | D        | Bought 3 potions of heal wounds for 105 gold pieces
  3533 | D        | Bought 3 potions of heal wounds for 105 gold pieces
  3533 | D        | Bought 4 potions of curing for 84 gold pieces
  3534 | D        | Bought 2 potions of experience for 600 gold pieces
  3534 | D        | Reached XP level 19. HP: 155/155 MP: 28/38
  3535 | D        | Reached XP level 20. HP: 162/162 MP: 28/39
  3536 | D        | Bought 3 potions of experience for 900 gold pieces
  3536 | D        | Reached XP level 21. HP: 168/168 MP: 28/40
  3537 | D        | Reached XP level 22. HP: 176/176 MP: 29/42
  3538 | D        | Reached XP level 23. HP: 182/182 MP: 29/43
  3545 | D        | Bought 3 potions of haste for 210 gold pieces
  3559 | D        | Round 22.
  3618 | D        | Arena points: 42998 (+1188) [x27]
  3629 | D        | Bought 3 potions of experience for 900 gold pieces
  3629 | D        | Reached XP level 24. HP: 108/189 MP: 39/43
  3630 | D        | Reached XP level 25. HP: 113/195 MP: 40/43
  3631 | D        | Reached XP level 26. HP: 119/203 MP: 40/43
  3633 | D        | Round 23.
  3698 | D        | Reached skill level 17 in Invocations
  3855 | D        | Arena points: 56522 (+13524) [x28]
  3874 | D        | Round 24.
  3877 | D        | Bought 8 scrolls of enchant weapon for 600 gold pieces
  3877 | D        | Bought a scroll of brand weapon for 200 gold pieces
  3918 | D        | Bought a +0 quick blade for 450 gold pieces
  4012 | D        | Reached skill level 15 in Hexes
  4017 | D        | Arena points: 68354 (+11832) [x29]
  4027 | D        | Bought a scroll of brand weapon for 200 gold pieces
  4029 | D        | Bought 3 scrolls of blinking for 225 gold pieces
  4047 | D        | Bought 6 potions of might for 168 gold pieces
  4047 | D        | Bought 6 potions of agility for 168 gold pieces
  4048 | D        | Bought 6 potions of magic for 336 gold pieces
  4055 | D        | Bought 3 potions of heal wounds for 105 gold pieces
  4084 | D        | Learned a level 8 spell: Discord
  4090 | D        | Round 25.
  4112 | D        | Arena points: 79204 (+10850) [x31]
  4116 | D        | Got a slimy rune of Zot
  4117 | D        | Reached XP level 27. HP: 205/213 MP: 44/44
  4155 | D        | Bought 2 rations for 40 gold pieces
  4170 | D        | Bought a quad damage for 400 gold pieces
  4199 | D        | Bought 6 potions of brilliance for 168 gold pieces
  4200 | D        | Bought 3 potions of mutation for 168 gold pieces
  4212 | D        | Bought a book of Minor Magic for 140 gold pieces
  4215 | D        | Learned a level 2 spell: Blink
  4278 | D        | Bought 2 rations for 40 gold pieces
  4301 | D        | Round 26.
  4326 | D        | Reached skill level 18 in Invocations
  4368 | D        | Noticed Nellie
  4379 | D        | Killed Nellie
  4490 | D        | Arena points: 93348 (+14144) [x32]
  4520 | D        | Round 27.
  4542 | D        | Bought 4 potions of haste for 280 gold pieces
  4542 | D        | Bought 6 potions of might for 168 gold pieces
  4542 | D        | Bought 6 potions of resistance for 420 gold pieces
  4547 | D        | Noticed an orb of fire
  4554 | D        | Gained mutation: Your magical capacity is low. (-10% MP) [an orb of fire]
  4562 | D        | Gained mutation: You are dopey. (Int -2) [an orb of fire]
  4569 | D        | Killed an orb of fire
  4569 | D        | Reached skill level 15 in Conjurations
  4569 | D        | Reached skill level 15 in Charms
  4569 | D        | Reached skill level 15 in Summonings
  4569 | D        | Reached skill level 15 in Necromancy
  4569 | D        | Reached skill level 15 in Translocations
  4569 | D        | Reached skill level 15 in Transmutations
  4569 | D        | Reached skill level 15 in Fire Magic
  4569 | D        | Reached skill level 15 in Ice Magic
  4569 | D        | Reached skill level 15 in Air Magic
  4569 | D        | Reached skill level 15 in Earth Magic
  4569 | D        | Reached skill level 15 in Poison Magic
  4574 | D        | Noticed an ancient lich
  4580 | D        | Killed an ancient lich
  4580 | D        | Reached skill level 19 in Invocations
  4634 | D        | Noticed Tiamat
  4666 | D        | Noticed an ancient lich
  4680 | D        | Noticed an orb of fire
  4680 | D        | Killed an ancient lich
  4733 | D        | Reached skill level 20 in Invocations
  4790 | D        | Gained mutation: Armour fits poorly on your strangely shaped body. [an orb of fire]
  4800 | D        | Killed Tiamat
  4815 | D        | Arena points: 93753 (+405) [x1]
  4849 | D        | Got the Orb of Zot
  4851 | D        | Escaped with the Orb!

Vault maps used:
D:        arena_sprint

Skill      XL: |  1  2  3  4  5  6  7  8  9 10 11 12 13 14 15 16 17 18 19 20 21 22 23 24 25 26 27 |
---------------+----------------------------------------------------------------------------------+-----
Fighting       | 1 2 3 4 7 9 10 12 13 14 15 16 18 | 18.8
Short Blades   | 3 4 5 7 8 9 10 11 12 13 14 15 16 19 | 19.0
Long Blades    | 1 2 3 4 7 9 10 12 13 14 15 16 18 | 18.8
Axes           | 1 2 3 4 7 9 10 12 13 14 15 16 18 | 18.8
Maces & Flails | 1 2 3 4 7 9 10 12 13 14 15 16 18 | 18.8
Polearms       | 1 2 3 4 7 9 10 12 13 14 15 16 18 | 18.8
Staves         | 1 2 3 4 7 9 10 12 13 14 15 16 18 | 18.8
Slings         | 1 2 3 4 7 9 10 12 13 14 15 16 18 | 18.8
Bows           | 1 2 3 4 7 9 10 12 13 14 15 16 18 | 18.8
Crossbows      | 1 2 3 4 7 9 10 12 13 14 15 16 18 | 18.8
Throwing       | 1 2 3 4 7 9 10 12 13 14 15 16 18 | 18.8
Armour         | 1 2 3 4 7 9 10 12 13 14 15 16 18 | 18.8
Stealth        | 6 7 9 10 11 12 13 14 15 16 17 19 | 19.4
Shields        | 1 2 3 4 7 9 10 12 13 14 15 16 18 | 18.8
Unarmed Combat | 1 2 3 4 7 9 10 12 13 14 15 16 18 | 18.8
Spellcasting   | 5 6 9 10 11 13 15 16 17 19 | 19.3
Conjurations   | 1 2 3 6 7 8 9 10 11 12 13 14 16 | 16.2
Charms         | 1 2 3 6 7 8 9 10 11 12 13 14 16 | 16.2
Summonings     | 1 2 3 6 7 8 9 10 11 12 13 14 16 | 16.2
Necromancy     | 1 2 3 6 7 8 9 10 11 12 13 14 16 | 16.2
Translocations | 1 2 3 6 7 8 9 10 11 12 13 14 16 | 16.2
Transmutations | 1 2 3 6 7 8 9 10 11 12 13 14 16 | 16.2
Fire Magic     | 1 2 3 6 7 8 9 10 11 12 13 14 16 | 16.2
Ice Magic      | 1 2 3 6 7 8 9 10 11 12 13 14 16 | 16.2
Air Magic      | 1 2 3 6 7 8 9 10 11 12 13 14 16 | 16.2
Earth Magic    | 1 2 3 6 7 8 9 10 11 12 13 14 16 | 16.2
Poison Magic   | 1 2 3 6 7 8 9 10 11 12 13 14 16 | 16.2
Invocations    | 1 2 3 4 8 9 11 13 14 15 16 17 20 | 20.2
Evocations     | 1 2 3 4 7 9 10 12 13 14 15 16 18 | 18.8
Dodging        | 5 6 8 9 10 11 13 15 16 17 19 | 19.2
Hexes          | 6 8 9 10 11 12 13 14 15 16 | 16.9

Action                   |  1- 3 |  4- 6 |  7- 9 | 10-12 | 13-15 | 16-18 | 19-21 | 22-24 | 25-27 || total
-------------------------+-------+-------+-------+-------+-------+-------+-------+-------+-------++-------
Melee: Dagger            |     2 |    22 |       |    96 |   130 |   133 |       |       |   246 ||   629
       Bite              |       |     1 |       |    21 |    19 |    18 |       |       |    95 ||   154
       Punch             |       |       |       |     5 |       |       |       |       |       ||     5
       Quick blade       |       |       |       |       |       |       |       |       |   180 ||   180
 Cast: Ensorcelled Hiber |     4 |     7 |       |     3 |     5 |     4 |       |       |     1 ||    24
       Tukima's Dance    |       |     2 |       |     2 |       |     2 |       |       |     9 ||    15
       Confuse           |       |     1 |       |    30 |    23 |    26 |       |       |     9 ||    89
       Dazzling Spray    |       |     4 |       |     2 |     1 |     3 |       |       |       ||    10
       Invisibility      |       |       |       |       |     2 |     1 |       |     1 |     1 ||     5
       Silence           |       |       |       |       |     1 |       |       |       |       ||     1
       Deflect Missiles  |       |       |       |       |       |     1 |       |       |       ||     1
       Cause Fear        |       |       |       |       |       |       |       |     1 |       ||     1
       Agony             |       |       |       |       |       |       |       |       |    14 ||    14
       Dispel Undead     |       |       |       |       |       |       |       |       |     6 ||     6
       Blink             |       |       |       |       |       |       |       |       |     1 ||     1
Invok: Minor Destruction |       |    12 |       |       |       |       |       |       |       ||    12
       Greater Servant o |       |     1 |       |     1 |     3 |     7 |       |     1 |    11 ||    24
       Lesser Servant of |       |       |       |       |       |       |       |       |     1 ||     1
Evoke: Wand              |     3 |     3 |       |     1 |       |     3 |       |       |       ||    10
       Phial of floods   |       |       |       |       |       |       |       |     1 |     1 ||     2
  Use: Scroll            |       |     8 |       |     1 |     3 |     3 |       |     1 |    12 ||    28
       Potion            |       |       |     1 |     1 |     4 |    11 |     3 |     3 |    17 ||    40
 Stab: Sleeping          |     2 |     5 |       |     3 |     5 |     4 |       |       |     1 ||    20
       Confused          |       |     1 |       |    17 |    12 |    16 |       |       |     4 ||    50
       Invisible         |       |       |       |       |     4 |       |       |       |     4 ||     8
       Distracted        |       |       |       |       |     3 |     2 |       |       |    15 ||    20
  Eat: Ration            |       |       |       |     1 |     1 |     1 |       |       |     1 ||     4
       Chunk             |       |       |       |       |       |     1 |       |       |       ||     1
Armor: Robe              |       |     3 |       |     1 |     6 |     7 |       |     3 |    53 ||    73
Dodge: Dodged            |       |     8 |       |    30 |    77 |    69 |       |    22 |   389 ||   595
       Deflected         |       |       |       |       |    11 |       |       |       |    15 ||    26
Block: Buckler           |       |       |       |     2 |    39 |    54 |       |    21 |   195 ||   311

Table legend:
 A = Spawn XP
 B = Non-spawn XP
 C = Spawn XP percentage of total XP
 D = Spawn monster count
 E = Non-spawn monster count
 F = Spawn count percentage of total count
 G = Total turns spent on level
                    A         B        C        D         E        F      G
               +---------+---------+-------+---------+---------+-------+---------
         Total |       0 |  177469 |   0.0 |       0 |     189 |   0.0 |  4851
               +---------+---------+-------+---------+---------+-------+---------
             D |       0 |  177469 |   0.0 |       0 |     189 |   0.0 |  4851
               +---------+---------+-------+---------+---------+-------+---------
